 Dungeon Crawl Stone Soup version 0.21-a0-584-g185da8e (webtiles) character file.

41 Smoghorn the Skirmisher (level 3, 0/36 HPs)
             Began as a Troll Fighter on Dec 21, 2017.
             Slain by a bullfrog (5 damage)
             ... on level 3 of the Dungeon.
             The game lasted 00:04:34 (1069 turns).

Smoghorn the Skirmisher (Troll Fighter)             Turns: 1069, Time: 00:04:34

Health: 0/36       AC:  5    Str: 25    XL:     3   Next: 32%
Magic:  2/2        EV:  8    Int:  4    God:
Gold:   42         SH:  8    Dex:  9    Spells: 2/2 levels left

rFire    . . .     SeeInvis .   a - +0 long sword
rCold    . . .     Gourm    +   c - +0 shield
rNeg     . . .     Faith    .   b - +0 robe
rPois    .         Spirit   .   (helmet restricted)
rElec    .         Reflect  .   (no cloak)
rCorr    .         Harm     .   (gloves unavailable)
MR       .....                  (boots unavailable)
Stlth    +.........             h - amulet of the gourmand
HPRegen  0.52/turn              (no ring)
MPRegen  0.08/turn              (no ring)

@: no status effects
A: large, unfitting armour, claws 3, fast metabolism 3, gourmand, regeneration
1, shaggy fur 1, tough skin 2
a: no special abilities


You were on level 3 of the Dungeon.
You were not hungry.

You visited 1 branch of the dungeon, and saw 3 of its levels.

You collected 42 gold pieces.

Inventory:

Hand Weapons
 a - a +0 long sword (weapon)
 o - a +0 war axe
Armour
 b - a +0 robe (worn)
 c - a +0 shield (worn)
Jewellery
 h - an amulet of the gourmand (around neck)
Scrolls
 e - a scroll of remove curse
 i - a scroll of blinking {unknown}
 n - a scroll of enchant armour {unknown}
 p - a scroll of identify {unknown}
Potions
 d - a potion of might
 g - 2 potions of curing {unknown}
 j - a potion of agility {unknown}
 k - a potion of lignification {unknown}
 l - 2 potions of mutation {unknown}
 m - a potion of invisibility {unknown}
Comestibles
 f - 4 rations


   Skills:
 + Level 2.7 Fighting
 + Level 2.2 Long Blades
 + Level 2.7 Dodging
 + Level 2.7 Shields


You had 2 spell levels left.
You didn't know any spells.

Dungeon Overview and Level Annotations

Branches:
Dungeon (3/15)

Altars:
Vehumet
Xom

Annotations:
D:2 Robin


Innate Abilities, Weirdness & Mutations

You are too large for most types of armour.
You have claws for hands.
Your metabolism is lightning-fast.
You like to eat raw meat.
Your natural rate of healing is unusually fast.
You are covered in fur. (AC +1)
You have very tough skin. (AC +2)


Message History

The bullfrog hits you but does no damage.
The goblin hits you but does no damage.
There is a stone staircase leading down here.
You see here a club.
The bullfrog hits you.
* * * LOW HITPOINT WARNING * * *
The goblin hits you.
* * * LOW HITPOINT WARNING * * *
You climb downwards.
There is a stone staircase leading up here.
You closely miss the bullfrog.
The bullfrog is moderately wounded.
The bullfrog closely misses you. The bullfrog barely misses you.
You riposte.
You hit the bullfrog.
The bullfrog is moderately wounded.
Your shield prevents you from hitting the bullfrog.
The bullfrog is moderately wounded.
The bullfrog hits you but does no damage.
The bullfrog hits you.
You die... ######### .....gF@# #########

You could see a bullfrog and a goblin.

Vanquished Creatures
  2 dart slugs
  A leopard gecko (D:1)
  2 orcs (D:2)
  11 goblins
  A hobgoblin (D:1)
  2 ball pythons (D:1)
  2 bats
  3 frilled lizards (D:1)
  2 kobolds (D:1)
  9 rats (D:1)
35 creatures vanquished.

Notes
Turn   | Place    | Note
-------+----------+-------------------------------------------
     0 | D:1      | Smoghorn the Troll Fighter began the quest for the Orb.
     0 | D:1      | Reached XP level 1. HP: 22/22 MP: 0/0
   151 | D:1      | Reached XP level 2. HP: 29/29 MP: 1/1
   855 | D:2      | Reached XP level 3. HP: 35/36 MP: 2/2
   863 | D:2      | Found a radiant altar of Vehumet.
   930 | D:2      | Found a shimmering altar of Xom.
  1039 | D:2      | Noticed Robin
  1043 | D:2      | Noticed a bullfrog
  1069 | D:3      | Slain by a bullfrog

Vault maps used:
D:1:      tarquinn_simple_flora_water_b, minmay_fountain_box,
          kennysheep_nondescript
D:2:      kennysheep_the_goblin_king, xom_teletrap_fun, vehumet_crystals,
          uniq_robin
D:3:      lemuel_upstairs_altar, nicolae_ru_sacrificial_ziggurat

Skill      XL: |  1  2 |
---------------+-------+-----
Long Blades    | 2 |  2.2
Fighting       | |  2.7
Dodging        | |  2.7
Shields        | |  2.7

Action                   || total
-------------------------++-------
Melee: Long sword        ||   122
  Use: Scroll            ||     1
  Eat: Chunk             ||     4
       Ration            ||     2
Armor: Robe              ||    52
Dodge: Dodged            ||    55
Block: Shield            ||    65
       Rpst.: Long sword ||    16

Table legend:
 A = Spawn XP
 B = Non-spawn XP
 C = Spawn XP percentage of total XP
 D = Spawn monster count
 E = Non-spawn monster count
 F = Spawn count percentage of total count
 G = Total turns spent on level
                    A         B        C        D         E        F      G
               +---------+---------+-------+---------+---------+-------+---------
         Total |       0 |      59 |   0.0 |       0 |      35 |   0.0 |  1069
               +---------+---------+-------+---------+---------+-------+---------
           D:1 |       0 |      37 |   0.0 |       0 |      25 |   0.0 |   831
           D:2 |       0 |      22 |   0.0 |       0 |      10 |   0.0 |   236
               +---------+---------+-------+---------+---------+-------+---------
